 Dungeon Crawl Stone Soup version 0.18-a0-1350-g404b4cb (webtiles) character file.

695 tof the Skirmisher (level 7, -3/64 HPs)
             Began as a Minotaur Fighter on Feb 18, 2016.
             Slain by Sigmund
             ... wielding a +0 scythe
              (8 damage)
             ... on level 5 of the Dungeon.
             The game lasted 00:07:13 (3509 turns).

tof the Skirmisher (Minotaur Fighter)               Turns: 3509, Time: 00:07:14

Health: -3/64      AC:  6    Str: 20    XL:     7   Next: 37%
Magic:  6/6        EV: 10    Int:  5    God:
Gold:   203        SH:  9    Dex: 12    Spells: 0 memorised, 6 levels left

rFire  + . .     SeeInvis .     a - +0 flail
rCold  + . .     Gourm    .     r - +0 ring mail {rF+}
rNeg   . . .     Faith    .     c - +0 shield
rPois  .         Spirit   .     (helmet restricted)
rElec  .         Dismiss  .     (no cloak)
rCorr  .         Reflect  .     (no gloves)
SustAt .         Harm     .     (no boots)
MR     .....                    F - amulet of magic regeneration
Stlth  +.........               m - +2 ring of evasion
                                l - ring of protection from cold

@: not resistant to hostile enchantments, very unstealthy
A: retaliatory headbutt, horns 2
a: no special abilities


You were on level 5 of the Dungeon.
You were not hungry.

You visited 1 branch of the dungeon, and saw 5 of its levels.

You collected 203 gold pieces.

Inventory:

Hand Weapons
 a - a +0 flail (weapon)
Armour
 b - a +0 scale mail
 c - a +0 shield (worn)
 r - a +0 ring mail of fire resistance (worn)
Jewellery
 l - a ring of protection from cold (left hand)
 m - a +2 ring of evasion (right hand)
 F - an amulet of magic regeneration (around neck)
Wands
 w - a wand of flame (24/48)
Scrolls
 e - 2 scrolls of enchant weapon {unknown}
 h - a scroll of blinking {unknown}
 i - 3 scrolls of identify
 p - a scroll of recharging {unknown}
 u - 4 scrolls of amnesia {unknown}
 y - a scroll of enchant armour {unknown}
 C - a scroll of teleportation {unknown}
Potions
 d - a potion of might
 g - a potion of magic {unknown}
 j - 2 potions of cure mutation {unknown}
 k - a potion of heal wounds {unknown}
 n - 3 potions of haste {unknown}
 o - 6 potions of curing
 q - 2 potions of brilliance {unknown}
 s - a potion of flight {unknown}
 v - a potion of degeneration {unknown}
 x - 4 potions of ambrosia {unknown}
 B - a potion of mutation {unknown}
 D - a potion of resistance {unknown}
Books
 t - a book of Dreams

   Spells                             Type                      Level
   a - Ensorcelled Hibernation        Hexes/Ice                    2
   b - Silence                        Hexes/Air                    5
   c - Darkness                       Hexes                        6
   d - Mass Confusion                 Hexes                        6
   e - Shadow Creatures               Summoning                    6
Comestibles
 f - 4 bread rations
 z - 2 meat rations
 A - a fruit
 E - 3 chunks of flesh


   Skills:
 + Level 6.8 Fighting
 + Level 5.8 Maces & Flails
 + Level 6.7 Armour
 - Level 3.6 Shields


You had 6 spell levels left.
You didn't know any spells.

Dungeon Overview and Level Annotations

Branches:
Dungeon (5/15)
 Temple: D:4-7

Altars:
Gozag
Kikubaaqudgha
Zin

Annotations:
D:5 Sigmund


Innate Abilities, Weirdness & Mutations

You reflexively headbutt those who attack you in melee.
You have a pair of horns on your head.


Message History

Something hits you.
You closely miss something. Your headbutt misses something.
You block the centaur's attack. The centaur hits you!
You block the worm's attack. Something hits you but does no damage.
You barely miss something. You block the centaur's attack.
The centaur closely misses you. You furiously retaliate!
You headbutt the centaur, but do no damage.
The worm bites you but does no damage.
You barely miss something. The centaur hits you. Something hits you.
The centaur hits you.
* * * LOW HITPOINT WARNING * * *
You closely miss something. The centaur closely misses you. Something hits you!
* * * LOW HITPOINT WARNING * * *
The worm bites you.
* * * LOW HITPOINT WARNING * * *
You block the centaur's attack.
You closely miss something. You headbutt something.
The centaur hits you but does no damage.
Something hits you!
You die...

## .. .. .# ..< ...
.##.... ...#####..#....
#..#....$..... ###..
#.........$..
....#######.c{.......
#...#......w@.......
#.......[.........##
#...........(.....#
#...........###..##
#...........# #...#
####..<........######..
#.......................
##.............########
##.....#.....##


You could see a centaur and a worm.

Vanquished Creatures
  Eustachio (D:4)
  Menkaure (D:4)
  2 phantoms (D:4)
  A scorpion (D:4)
  A giant frog skeleton (D:4)
  An orc wizard (D:4)
  Terence (D:3)
  A hound skeleton (D:4)
  3 adders
  2 oozes (D:2)
  2 adder skeletons (D:4)
  2 worms (D:2)
  4 giant geckos
  9 orcs
  4 giant cockroaches
  6 goblins
  12 hobgoblins
  6 jackals
  8 kobolds
  2 quokkas
  A ball python (D:2)
  8 bats
  4 giant newts
  8 rats
90 creatures vanquished.

Notes
Turn   | Place    | Note
--------------------------------------------------------------
     0 | D:1      | tof the Minotaur Fighter began the quest for the Orb.
     0 | D:1      | Reached XP level 1. HP: 19/19 MP: 0/0
    55 | D:1      | Reached XP level 2. HP: 21/27 MP: 1/1
   140 | D:1      | Reached skill level 4 in Armour
   536 | D:2      | Reached XP level 3. HP: 33/33 MP: 2/2
   953 | D:2      | Found a glowing silver altar of Zin.
  1192 | D:3      | Noticed Terence
  1198 | D:3      | Killed Terence
  1198 | D:3      | Reached XP level 4. HP: 41/41 MP: 3/3
  1377 | D:3      | Found an ancient bone altar of Kikubaaqudgha.
  1480 | D:3      | Reached skill level 5 in Armour
  1738 | D:3      | Reached skill level 5 in Fighting
  2024 | D:3      | Reached XP level 5. HP: 48/48 MP: 4/4
  2228 | D:4      | Found an opulent altar of Gozag.
  2242 | D:4      | Noticed a phantom
  2256 | D:4      | Killed a phantom
  2265 | D:4      | Noticed Eustachio
  2291 | D:4      | Killed Eustachio
  2291 | D:4      | Reached XP level 6. HP: 29/57 MP: 5/5
  2584 | D:4      | Noticed Menkaure
  2591 | D:4      | Killed Menkaure
  2591 | D:4      | Reached skill level 6 in Fighting
  2591 | D:4      | Reached skill level 5 in Maces & Flails
  2714 | D:4      | Reached XP level 7. HP: 32/64 MP: 6/6
  3430 | D:5      | Entered Level 5 of the Dungeon
  3496 | D:5      | Noticed Sigmund
  3509 | D:5      | Slain by Sigmund

Vault maps used:
D:1:      minmay_arrival_hallway, serial_forest, infiniplex_forest_clump_medium,
          infiniplex_forest_clump_large, infiniplex_forest_clump_diagonal,
          infiniplex_forest_lined_3_way, infiniplex_forest_clump_small,
          infiniplex_forest_3_way, infiniplex_forest_lined_room_
D:2:      zin_academy, first_bread
D:3:      kiku_gazebo_pond_becter, kennysheep_generic_room_2, uniq_terence
D:4:      nicolae_overflow_crystal_walls, uniq_menkaure, uniq_eustachio
D:5:      minmay_overflow_temple_star_hex, grunt_temple_overflow_open,
          nicolae_qazlal_eye_of_the_storm, uniq_sigmund

Action                   |  1- 3 |  4- 6 |  7- 9 || total
-------------------------+-------+-------+-------++-------
Melee: Flail             |   123 |   118 |    44 ||   285
  Use: Scroll            |       |       |     2 ||     2
  Eat: Chunk             |       |     5 |     3 ||     8
       Fruit             |       |     1 |       ||     1
